 Dungeon Crawl Stone Soup version 0.31-a0-1499-ge0622b2318 (webtiles) character file.

Game seed: 5904245919432446482

11838 jasper the Cleaver (level 11, -3/82 HPs)
             Began as a Demonspawn Cinder Acolyte on Dec 29, 2023.
             Was a Priest of Ignis.
             Slain by Gastronok the rockslime (29 damage)
             ... on level 11 of the Dungeon.
             The game lasted 00:12:52 (8444 turns).

jasper the Cleaver (Demonspawn Cinder Acolyte)      Turns: 8444, Time: 00:12:53

Health: -3/82      AC: 28    Str: 19    XL:     11   Next: 54%
Magic:  12/12      EV:  4    Int: 15    God:    Ignis [***...]
Gold:   57         SH:  9    Dex: 14    Spells: 10/12 levels left

rFire   + . .        c - +1 broad axe (freeze)
rCold   . . .        F - +0 kite shield
rNeg    . . .        K - +0 plate armour
rPois   .            (helmet unavailable)
rElec   .            o - +0 cloak
rCorr   .            h - +1 pair of gloves
SInv    .            L - +2 pair of boots
Will    .....        A - amulet of regeneration Stlth
                     N - +6 ring of dexterity
HPRegen 1.13/turn    (no ring)
MPRegen 0.13/turn

%: no passive effects
@: fiery-armoured
A: horns 3, molten scales 1, spiny 2
a: Renounce Religion, Fiery Armour, Foxfire Swarm, Rising Flame


You were on level 11 of the Dungeon.
You worshipped Ignis.
Ignis was most pleased with you.
You visited 2 branches of the dungeon, and saw 12 of its levels.

You collected 477 gold pieces.
You spent 420 gold pieces at shops.

Inventory:

Hand Weapons
 a - a -1 hand axe of flaming
 c - a +1 broad axe of freezing (weapon)
 s - a +0 war axe
 E - a +4 flail
Missiles
 e - 67 stones (quivered)
 g - 33 poisoned darts
 C - 5 boomerangs
Armour
 b - a +0 robe
 h - a +1 pair of gloves (worn)
 k - a +0 scale mail
 o - a +0 cloak (worn)
 p - a +0 chain mail
 t - a +0 buckler
 y - the +1 tower shield "Cygaurer" {Fly}
   (You found it on level 4 of the Dungeon)

   Fly:       It grants you flight.
 D - a +0 pair of gloves
 F - a +0 kite shield (worn)
 J - +0 acid dragon scales
 K - a +0 plate armour (worn)
 L - a +2 pair of boots (worn)
Jewellery
 f - an amulet of reflection
 A - an amulet of regeneration (around neck)
 H - a ring of ice
 N - a +6 ring of dexterity (left hand)
Wands
 I - a wand of polymorph (7)
Scrolls
 d - 8 scrolls of identify
 j - 2 scrolls of revelation
 l - 3 scrolls of vulnerability
 u - a scroll of silence
 x - 2 scrolls of teleportation
 G - a scroll of blinking
 O - a scroll of poison
Potions
 i - a potion of degeneration
 m - 4 potions of curing
 n - a potion of mutation
 q - a potion of lignification
 r - 2 potions of invisibility
 v - a potion of resistance
 w - 2 potions of heal wounds
 z - 2 potions of brilliance
 B - 3 potions of might
 M - a potion of enlightenment
 P - a potion of haste {unknown}


   Skills:
 + Level 6.3 Fighting
 * Level 14.0 Axes
 + Level 6.1 Armour
 + Level 5.6 Shields
 - Level 1.0 Spellcasting
 - Level 2.6 Fire Magic


You had 10 spell levels left.
You knew the following spells:

 Your Spells              Type           Power      Damage    Failure   Level
a - Blink                 Tloc           0%         N/A       100%        2

Your spell library contained the following spells:

 Spells                   Type           Power      Damage    Failure   Level
 Freeze                   Ice            0%         1d3       100%        1
 Magic Dart               Conj           0%         1d3       100%        1
 Summon Small Mammal      Summ           0%         N/A       100%        1
 Call Imp                 Summ           0%         N/A       100%        2
 Scorch                   Fire           16%        2d5       100%        2
 Call Canine Familiar     Summ           0%         N/A       100%        3
 Frozen Ramparts          Ice            0%         1d1       100%        3
 Hailstorm                Conj/Ice       0%         3d5       100%        3
 Tukima's Dance           Hex            0%         N/A       100%        3
 Dimensional Bullseye     Hex/Tloc       0%         N/A       100%        4
 Iskenderun's Mystic Bla  Conj/Tloc      0%         2d3       100%        4
 Summon Blazeheart Golem  Fire/Summ      4%         N/A       100%        4


Dungeon Overview and Level Annotations

Branches:
Dungeon (11/15)            Temple (0/1) D:6            Lair (1/5) D:8
    Orc: D:9-12

Altars:
Ashenzari
Nemelex Xobeh
Sif Muna
Trog
Yredelemnul

Shops:
D:5 *   D:6 (

Annotations:
D:11 Gastronok


Innate Abilities, Weirdness & Mutations

You have a pair of large horns on your head.
You are partially covered in molten scales. (AC +2)
You are mostly covered in sharp spines.


Message History

Aiming: Polymorph
Press: ? - help, Shift-Dir - straight line, f/p - Gastronok
Aim: Gastronok, wearing a +1 hat (will become a golden dragon, a titan, or a rockslime, chance to affect: 7%) Gastronok resists with almost no effort.
Aiming: Polymorph
Press: ? - help, Shift-Dir - straight line, f/p - Gastronok
Aim: Gastronok, wearing a +1 hat (will become a golden dragon, a titan, or a rockslime, chance to affect: 7%) Gastronok resists with almost no effort.
Aiming: Polymorph
Press: ? - help, Shift-Dir - straight line, f/p - Gastronok
Aim: Gastronok, wearing a +1 hat (will become a golden dragon, a titan, or a rockslime, chance to affect: 7%) Gastronok resists with almost no effort.
Aiming: Polymorph
Press: ? - help, Shift-Dir - straight line, f/p - Gastronok
Aim: Gastronok, wearing a +1 hat (will become a golden dragon, a titan, or a rockslime, chance to affect: 7%) Gastronok resists with almost no effort.
Aiming: Polymorph
Press: ? - help, Shift-Dir - straight line, f/p - Gastronok
Aim: Gastronok, wearing a +1 hat (will become a golden dragon, a titan, or a rockslime, chance to affect: 7%) Gastronok resists with almost no effort.
Aiming: Polymorph
Press: ? - help, Shift-Dir - straight line, f/p - Gastronok
Aim: Gastronok, wearing a +1 hat (will become a golden dragon, a titan, or a rockslime, chance to affect: 7%) Gastronok resists with almost no effort.
Aiming: Polymorph
Press: ? - help, Shift-Dir - straight line, f/p - Gastronok
Aim: Gastronok, wearing a +1 hat (will become a golden dragon, a titan, or a rockslime, chance to affect: 7%) Gastronok evaporates and reforms as a rockslime!
A protective cloak of flame settles atop you.
Gastronok hits you!!!
You stumble backwards!
There is a stone staircase leading up here.
You take 36 damage, and have 46/82 hp.
MASSIVE DAMAGE!!
You slash Gastronok! You freeze Gastronok!
You headbutt Gastronok, but do no damage.
Gastronok is moderately wounded.
Gastronok hits you but does no damage.
You hit Gastronok. You freeze Gastronok.
Gastronok is heavily wounded.
Gastronok hits you!!
You stumble backwards!
Gastronok hits you!!
You die...

.............#
.............##
...............
.............
............
#..........
#..........
#..@.# ##.J.#
#...# #...#
#...# #..[.
#..... #......
........


You could see Gastronok the rockslime.

Vanquished Creatures
  Erica (D:8)
  Joseph (D:8)
  Maggie (D:8)
  A kobold demonologist (D:8)
  A komodo dragon (Lair:1)
  A rime drake (D:8)
  3 trolls
  A hornet (D:9)
  15 yaks (D:10)
  2 wyverns
  A human (D:3)
  2 steam dragons
  2 acid dragons
  A water moccasin (D:7)
  4 black bears
  9 ice beasts
  5 orc warriors
  3 centaurs
  2 wolves (D:8)
  7 ogres
  A phantom (D:6)
  2 kobold brigands
  4 bullfrogs
  3 gnoll sergeants
  7 scorpions
  10 wights
  14 killer bees
  4 howler monkeys
  A bombardier beetle (D:4)
  3 jellies
  A hound (D:7)
  5 orc priests
  Jessica (D:2)
  3 iguanas
  3 orc wizards (D:9)
  Robin (D:2)
  16 gnolls
  8 adders
  A ribbon worm (D:2)
  A shadow imp (D:8)
  2 ufetubi (D:6)
  5 dart slugs
  44 orcs
  5 bats
  4 endoplasms
  3 giant cockroaches
  4 goblins
  9 hobgoblins
  7 jackals
  11 kobolds
  2 quokkas (D:2)
  7 ball pythons
  2 frilled lizards (D:1)
  A jackal zombie (D:3)
  A kobold skeleton (D:3)
  5 rats
264 creatures vanquished.

Notes
Turn   | Place    | Note
-------+----------+-------------------------------------------
     0 | D:1      | jasper the Demonspawn Cinder Acolyte began the quest for
                  | the Orb.
     0 | D:1      | Reached XP level 1. HP: 18/18 MP: 2/2
   205 | D:1      | Reached skill level 3 in Axes
   327 | D:1      | Gained mutation: You are partially covered in sharp spines.
                  | [demonic ancestry]
   327 | D:1      | Reached XP level 2. HP: 24/24 MP: 3/3
   821 | D:2      | Noticed Jessica
   823 | D:2      | Noticed Robin
   834 | D:2      | Gained mutation: You have a pair of small horns on your
                  | head. [demonic ancestry]
   834 | D:2      | Reached XP level 3. HP: 28/29 MP: 4/4
   843 | D:2      | Killed Robin
   847 | D:2      | Killed Jessica
   848 | D:2      | Reached skill level 4 in Axes
   848 | D:2      | Gained mutation: You are mostly covered in sharp spines.
                  | [demonic ancestry]
   848 | D:2      | Reached XP level 4. HP: 24/37 MP: 5/5
  1669 | D:2      | Gained mutation: You have a pair of horns on your head.
                  | [demonic ancestry]
  1669 | D:2      | Reached XP level 5. HP: 12/42 MP: 6/6
  2143 | D:3      | Noticed a human
  2145 | D:3      | Found a runed translucent door.
  2149 | D:3      | Found a basalt altar of Yredelemnul.
  2164 | D:3      | Killed a human
  2165 | D:3      | Reached skill level 5 in Axes
  2165 | D:3      | Reached skill level 1 in Armour
  2165 | D:3      | Reached XP level 6. HP: 34/49 MP: 7/7
  2588 | D:4      | Reached XP level 7. HP: 54/55 MP: 8/8
  2611 | D:4      | Reached skill level 5 in Fighting
  2611 | D:4      | Reached skill level 6 in Axes
  2681 | D:4      | Identified the +1 tower shield "Cygaurer" {Fly}
  2985 | D:5      | Entered Level 5 of the Dungeon
  3008 | D:5      | Found a sparkling altar of Nemelex Xobeh.
  3121 | D:5      | Reached skill level 7 in Axes
  3137 | D:5      | Reached XP level 8. HP: 60/62 MP: 9/9
  3156 | D:5      | Identified a scroll of acquirement
  3156 | D:5      | Acquired a +1 broad axe of freezing
  3480 | D:5      | Found Siat's General Store.
  3488 | D:5      | Bought a potion of curing for 42 gold pieces
  3488 | D:5      | Bought a scroll of teleportation for 42 gold pieces
  3488 | D:5      | Bought a +0 cloak for 63 gold pieces
  3488 | D:5      | Bought a potion of lignification for 42 gold pieces
  4093 | D:6      | Reached skill level 8 in Axes
  4093 | D:6      | Reached skill level 1 in Shields
  4275 | D:6      | Found Acvatag's Weapon Shoppe.
  4352 | D:6      | Found a staircase to the Ecumenical Temple.
  4511 | D:6      | Reached skill level 5 in Armour
  4606 | D:6      | Gained mutation: You have a pair of large horns on your
                  | head. [demonic ancestry]
  4606 | D:6      | Reached XP level 9. HP: 59/68 MP: 10/10
  4829 | D:6      | Reached skill level 9 in Axes
  5279 | D:7      | Reached skill level 10 in Axes
  5370 | D:7      | Found a broken altar of Ashenzari.
  5707 | D:8      | Noticed Erica
  5714 | D:8      | Reached skill level 11 in Axes
  5714 | D:8      | Killed Erica
  5715 | D:8      | Reached XP level 10. HP: 22/74 MP: 11/11
  5861 | D:8      | Reached skill level 12 in Axes
  5864 | D:8      | Noticed Joseph
  5899 | D:8      | Killed Joseph
  5961 | D:8      | Found a staircase to the Lair.
  6093 | D:8      | Noticed Maggie
  6105 | D:8      | Killed Maggie
  6106 | D:8      | Reached skill level 13 in Axes
  6933 | D:5      | Bought a +2 pair of boots for 231 gold pieces
  7048 | Lair:1   | Entered Level 1 of the Lair of Beasts
  7060 | Lair:1   | Gained mutation: You are partially covered in molten
                  | scales. (AC +2) [demonic ancestry]
  7060 | Lair:1   | Reached XP level 11. HP: 60/80 MP: 12/12
  7171 | D:9      | Found a shimmering blue altar of Sif Muna.
  7519 | D:9      | Reached skill level 5 in Shields
  7609 | D:10     | Entered Level 10 of the Dungeon
  7805 | D:10     | Learned a level 2 spell: Blink
  8088 | D:10     | Found a bloodstained altar of Trog.
  8276 | D:10     | Reached skill level 14 in Axes
  8381 | D:10     | Noticed a deep elf pyromancer
  8390 | D:10     | Noticed a cyan ugly thing
  8391 | D:10     | Noticed a centaur warrior
  8432 | D:11     | Noticed Gastronok
  8440 | D:11     | Gastronok changed into Gastronok the rockslime
  8440 | D:11     | Noticed Gastronok
  8444 | D:11     | Slain by Gastronok the rockslime

Illustrated notes

Levels and vault maps discovered:
D:1:      dpeg_arrival_long_road, layout_loops_ring
D:2:      layout_loops_ring, kennysheep_generic_room_11, uniq_robin,
          uniq_jessica
D:3:      layout_rooms, dk_yredelemnul_ordeal
D:4:      layout_gridville
D:5:      layout_layer_cave, nemelex_spade_bored_becter, serial_shops,
          nicolae_shop_stone
D:6:      layout_cave_pods, minmay_temple_entry_mist, serial_shops, shop,
          hangedman_decor_slide_cut
D:7:      layout_cave_pools, elyvilon_altar_5, cheibrodos_ashenzari_chains,
          lemuel_tele_altar, serial_column_ruins, column_ruins_hut,
          column_ruins_columns_corner, column_ruins_grid_1,
          column_ruins_open_tiny, column_ruins_columns_dead_end,
          column_ruins_columns_straight, column_ruins_corridor_straight,
          column_ruins_open_tiny_water
D:8:      layout_basic, hellmonk_lair_entry_icy, special_room
          [special_room_orc], nicolae_nh_ransacked_shop, uniq_maggie,
          uniq_joseph, uniq_erica
D:9:      layout_roguey, kennysheep_orc_sif_temple
D:10:     minmay_slanted_spiral_squares, layout_basic,
          mainiacjoe_overflow_cross_hatched, general_overflow_altar,
          serial_co_window_serial, co_window_paths_b, co_window_paths_b,
          co_window_corner_a, co_window_paths_b, co_window_paths_a,
          co_window_corner_a, co_window_paths_a, co_window_corner_b,
          co_window_corner_b, co_window_2corner, co_window_2corner,
          co_window_paths_e, co_window_paths_d, glass_columns_b, glass_columns_c
D:11:     layout_irregular_city, uniq_lodul, uniq_sonja, uniq_gastronok
Lair:1:   layout_gridlike, dreamdust_gnoll_shepherd, lemuel_fruit_fields,
          serial_bayou_shore_a

Skill      XL: |  1  2  3  4  5  6  7  8  9 10 11 |
---------------+----------------------------------+-----
Axes           | 3 4 5 7 8 11 13 14 | 14.0
Fighting       | 4 5 6 |  6.3
Armour         | 1 2 3 5 6 |  6.1
Shields        | 2 4 5 |  5.6
Spellcasting   | |  1.0
Fire Magic     | |  2.6

Action                     |  1- 3 |  4- 6 |  7- 9 | 10-12 || total
---------------------------+-------+-------+-------+-------++-------
  Melee: Hand axe          |    48 |    37 |       |       ||    85
         Headbutt          |     2 |    12 |    26 |    42 ||    82
         Punch             |       |     1 |     2 |       ||     3
         War axe           |       |    25 |    25 |       ||    50
         Broad axe         |       |       |   139 |   254 ||   393
  Throw: Stone             |     1 |       |    11 |     5 ||    17
 Invoke: Fiery Armour      |       |     2 |     1 |     3 ||     6
  Evoke: Wand              |       |       |       |     8 ||     8
    Use: Scroll            |       |       |    17 |     5 ||    22
         Potion            |       |       |     1 |       ||     1
 Armour: Robe              |     6 |       |       |       ||     6
         Scale mail        |    13 |     9 |       |       ||    22
         Chain mail        |       |    41 |   162 |    87 ||   290
         Plate armour      |       |       |       |   148 ||   148
  Dodge: Dodged            |    16 |    22 |    64 |    60 ||   162
  Block: Buckler           |       |       |    24 |    55 ||    79
         Kite shield       |       |       |       |    23 ||    23

Table legend: (Time is in decaauts)
 A = Elapsed time spent in this place.
 B = Non-inter-level travel time spent in this place.
 C = Inter-level travel time spent in this place.
 D = Time resting spent in this place.
 E = Time spent auto-exploring this place.
 F = Levels seen in this place.
 G = Mean time per level.
                   A        B        C        D        E       F      G
               +--------+--------+--------+--------+--------+-----+--------+
         Total |   8515 |   7922 |    593 |    827 |   5352 |  12 |  709.6 |
       Dungeon |   8502 |   7910 |    592 |    827 |   5352 |  11 |  772.9 |
          Lair |     13 |     13 |      0 |      0 |      0 |   1 |   13.0 |
               +--------+--------+--------+--------+--------+-----+--------+

Top non-repeatable levels by time:
     D:5: 1136 daAuts
     D:6: 1115 daAuts
     D:2: 979 daAuts
     D:8: 862 daAuts
     D:9: 829 daAuts
    D:10: 820 daAuts
     D:1: 796 daAuts
     D:7: 720 daAuts
     D:4: 647 daAuts
     D:3: 583 daAuts
  Lair:1: 13 daAuts
    D:11: 11 daAuts
